[Event "EYCC Open-U12 2019"]
[Site "Bratislava"]
[Date "2019.08.07"]
[Round "6.1"]
[White "Petrovskiy, Vadim"]
[Black "Piliposyan, Robert"]
[Result "0-1"]
[ECO "B18"]
[WhiteElo "2090"]
[BlackElo "2156"]
[Annotator "NA"]
[PlyCount "58"]
[EventDate "2019.08.02"]
[EventType "swiss"]
[EventCountry "SVK"]
[SourceTitle "playchess.com"]
[Source "ChessBase"]
[SourceQuality "1"]
[TimeControl "40/5400+30:1800+30"]

1. e4 c6 2. d4 d5 3. Nc3 dxe4 4. Nxe4 Bf5 5. Ng3 Bg6 6. h4 h6 7. Nf3 e6 8. Ne5 Bh7 9. Bc4 Nd7 10. Qe2 Nxe5 11. dxe5 Ne7 12. O-O Nf5 13. Rd1 Qxh4 14. Ne4 Rd8 15. Bg5 hxg5 16. Rxd8+ Kxd8 17. Rd1+ Nd6 18. Ng3 Kc7 19. Qd2 Qxc4 20. Qa5+ Kd7 21. Qxa7 Qa6 22. Qb8 c5 23. exd6 Qc6 24. b4 cxb4 25. a3 Qc8 26. Qa7 Bxc2 27. Rd2 b3 28. Ne2 b2 29. Nc3 b1=Q+ 0-1

[Event "EYCC Open-U12 2019"]
[Site "Bratislava"]
[Date "2019.08.07"]
[Round "6.2"]
[White "Vergara Anton, Diego"]
[Black "Maurizzi, Marc Andria"]
[Result "1/2-1/2"]
[ECO "E67"]
[WhiteElo "2183"]
[BlackElo "2412"]
[Annotator "NA"]
[PlyCount "52"]
[EventDate "2019.08.02"]
[EventType "swiss"]
[EventCountry "SVK"]
[SourceTitle "playchess.com"]
[Source "ChessBase"]
[SourceQuality "1"]
[TimeControl "40/5400+30:1800+30"]

1. d4 Nf6 2. Nf3 g6 3. g3 Bg7 4. Bg2 O-O 5. O-O d6 6. c4 Nbd7 7. Nc3 e5 8. dxe5 dxe5 9. Qc2 c6 10. Rd1 Qe7 11. e4 Ne8 12. Rb1 Nc7 13. b4 Ne6 14. c5 f5 15. exf5 gxf5 16. Ne2 e4 17. Nfd4 Ne5 18. Be3 Ng4 19. Nxe6 Nxe3 20. fxe3 Bxe6 21. Nf4 Rad8 22. Bf1 Bf7 23. Bc4 Be5 24. Bxf7+ Qxf7 25. Rxd8 Rxd8 26. Rd1 Rxd1+ 1/2-1/2

[Event "EYCC Open-U12 2019"]
[Site "Bratislava"]
[Date "2019.08.07"]
[Round "6.3"]
[White "Makridis, Dimitrios"]
[Black "Samadov, Read"]
[Result "1-0"]
[ECO "C10"]
[WhiteElo "1798"]
[BlackElo "2230"]
[Annotator "NA"]
[PlyCount "123"]
[EventDate "2019.08.02"]
[EventType "swiss"]
[EventCountry "SVK"]
[SourceTitle "playchess.com"]
[Source "ChessBase"]
[SourceQuality "1"]
[TimeControl "40/5400+30:1800+30"]

1. e4 e6 2. d4 d5 3. Nc3 Nc6 4. Nf3 Nf6 5. e5 Ne4 6. Bd3 Nxc3 7. bxc3 h6 8. O-O Na5 9. Ne1 c5 10. Qg4 Bd7 11. f4 c4 12. Be2 Nc6 13. Rb1 b5 14. Nf3 Qa5 15. Bd2 Ne7 16. Rfc1 Nf5 17. Qh3 h5 18. g3 Ba3 19. Rf1 O-O-O 20. Qg2 f6 21. Qf2 Qa4 22. Bd1 Be7 23. Re1 Qxa2 24. Be2 Qa5 25. Bf1 Qb6 26. Bh3 Nh6 27. Qe2 f5 28. Ra1 Nf7 29. Bxf5 exf5 30. e6 Nd6 31. exd7+ Rxd7 32. Qe6 Bf6 33. Ne5 Bxe5 34. fxe5 Ne8 35. Qxf5 Nc7 36. e6 Re7 37. Bf4 g6 38. Bxc7 Qxc7 39. Qxd5 Qb7 40. Qc5+ Rc7 41. Qe5 Rd8 42. Rad1 Qb6 43. Re3 Re7 44. d5 Qd6 45. Qd4 g5 46. Re5 h4 47. g4 h3 48. Rxg5 Rf8 49. Re5 Rg8 50. Re4 Rg5 51. Qh8+ Kb7 52. Qxh3 Rxd5 53. Rxd5 Qxd5 54. Qf3 a5 55. Qf5 Qd1+ 56. Kf2 Kc6 57. Rd4 Qh1 58. Qe5 Kb7 59. Qxb5+ Ka7 60. Qc5+ Ka6 61. Rd6+ Kb7 62. Qb6+ 1-0

[Event "EYCC Open-U12 2019"]
[Site "Bratislava"]
[Date "2019.08.07"]
[Round "6.4"]
[White "Meers, Hubert"]
[Black "Ozkan, Taha"]
[Result "0-1"]
[ECO "C07"]
[WhiteElo "2141"]
[BlackElo "2140"]
[Annotator "NA"]
[PlyCount "66"]
[EventDate "2019.08.02"]
[EventType "swiss"]
[EventCountry "SVK"]
[SourceTitle "playchess.com"]
[Source "ChessBase"]
[SourceQuality "1"]
[TimeControl "40/5400+30:1800+30"]

1. e4 e6 2. d4 d5 3. Nd2 c5 4. exd5 Qxd5 5. dxc5 Bxc5 6. Ngf3 Nf6 7. Bc4 Qc6 8. O-O O-O 9. Qe2 Qc7 10. Nb3 Be7 11. Re1 a6 12. a4 Rd8 13. Bg5 Bd7 14. Nbd4 Nc6 15. c3 Rac8 16. Nxc6 Bxc6 17. Ne5 Bd5 18. Bd3 h6 19. Bf4 Bd6 20. Qe3 Ng4 21. Qg3 Nxe5 22. Bxe5 Bxe5 23. Rxe5 Bxg2 24. Bxa6 bxa6 25. Kxg2 Qb7+ 26. Kh3 Qxb2 27. Rg1 Rxc3 28. Re3 Rxe3 29. fxe3 Rd5 30. Qf3 Rf5 31. Qa8+ Kh7 32. Qe4 g6 33. Rg2 Rh5+ 0-1

[Event "EYCC Open-U12 2019"]
[Site "Bratislava"]
[Date "2019.08.07"]
[Round "6.5"]
[White "Fiszer, Bartosz"]
[Black "Makkar, Rajat"]
[Result "1/2-1/2"]
[ECO "C77"]
[WhiteElo "2124"]
[BlackElo "2064"]
[Annotator "NA"]
[PlyCount "109"]
[EventDate "2019.08.02"]
[EventType "swiss"]
[EventCountry "SVK"]
[SourceTitle "playchess.com"]
[Source "ChessBase"]
[SourceQuality "1"]
[TimeControl "40/5400+30:1800+30"]

1. e4 e5 2. Nf3 Nc6 3. Bb5 a6 4. Ba4 Nf6 5. d3 d6 6. c3 g6 7. O-O Bg7 8. h3 O-O 9. Be3 b5 10. Bc2 Na5 11. b4 Nb7 12. a4 Bd7 13. Nbd2 Re8 14. axb5 axb5 15. Nb3 Qe7 16. Ba7 c5 17. Ra3 Be6 18. Qa1 cxb4 19. cxb4 Rec8 20. Bd1 Qc7 21. Nbd2 Nd7 22. Ng5 Nf8 23. Ndf3 Nd8 24. Nxe6 Nfxe6 25. Bb3 Nf4 26. Rd1 Nc6 27. Be3 Qb7 28. Ng5 Rxa3 29. Qxa3 Rf8 30. Bxf4 exf4 31. Bd5 Qd7 32. Nf3 Nd4 33. Nxd4 Bxd4 34. Qa2 f3 35. e5 dxe5 36. Bxf3 Bc3 37. Qd5 Rd8 38. Qxd7 Rxd7 39. Bc6 Rd4 40. Bxb5 Rxb4 41. Bc4 Bd4 42. Rd2 Rb1+ 43. Kh2 Rf1 44. g3 Rxf2+ 45. Rxf2 Bxf2 46. Kg2 Bd4 47. Kf3 Kg7 48. g4 f5 49. gxf5 gxf5 50. Be6 Kf6 51. Bg8 h6 52. Bd5 Ke7 53. Bg8 Kd6 54. Bh7 Ke6 55. Bg8+ 1/2-1/2

[Event "EYCC Open-U12 2019"]
[Site "Bratislava"]
[Date "2019.08.07"]
[Round "6.6"]
[White "Bat, Bilguun"]
[Black "Milanovic, Marko"]
[Result "1-0"]
[ECO "A06"]
[WhiteElo "2093"]
[BlackElo "1814"]
[Annotator "NA"]
[PlyCount "119"]
[EventDate "2019.08.02"]
[EventType "swiss"]
[EventCountry "SVK"]
[SourceTitle "playchess.com"]
[Source "ChessBase"]
[SourceQuality "1"]
[TimeControl "40/5400+30:1800+30"]

1. Nf3 d5 2. e3 Nf6 3. c4 e6 4. Nc3 Be7 5. b3 O-O 6. Bb2 c5 7. cxd5 exd5 8. d4 cxd4 9. Nxd4 Nc6 10. Be2 Qb6 11. Nxc6 bxc6 12. O-O Bf5 13. Rc1 Rac8 14. Na4 Qa5 15. Bc3 Qc7 16. Bd4 Ne4 17. Bf3 Rfd8 18. Qe2 Qa5 19. Bxe4 Bxe4 20. Qb2 f6 21. Nc5 Bxc5 22. Rxc5 Qa6 23. b4 Rb8 24. Rfc1 Rdc8 25. Qc3 Qd3 26. Rxc6 Qxc3 27. R6xc3 Rxc3 28. Bxc3 Bd3 29. Rd1 Bc4 30. a3 Kf7 31. f3 Re8 32. Kf2 f5 33. Rd2 g6 34. h4 a6 35. Bd4 Rc8 36. Kg3 Bb3 37. Bc5 Bc4 38. Kf4 Re8 39. a4 Ke6 40. Kg5 Kf7 41. Kh6 Kg8 42. Rb2 Rb8 43. h5 Rc8 44. Bd4 Kf7 45. b5 axb5 46. axb5 gxh5 47. b6 Rb8 48. Kxh5 Rb7 49. Rb1 Ke6 50. Kg5 Bd3 51. Rc1 Bc4 52. Rh1 Rf7 53. Rh6+ Kd7 54. Be5 Kc8 55. Rf6 Rg7+ 56. Kf4 Rxg2 57. Rf8+ Kb7 58. Bd4 Bd3 59. Rf7+ Kc6 60. Rc7+ 1-0

[Event "EYCC Open-U12 2019"]
[Site "Bratislava"]
[Date "2019.08.07"]
[Round "6.7"]
[White "Lystsov, Leonid"]
[Black "Kuhn, Clement"]
[Result "1/2-1/2"]
[ECO "A36"]
[WhiteElo "2086"]
[BlackElo "1979"]
[Annotator "NA"]
[PlyCount "166"]
[EventDate "2019.08.02"]
[EventType "swiss"]
[EventCountry "SVK"]
[SourceTitle "playchess.com"]
[Source "ChessBase"]
[SourceQuality "1"]
[TimeControl "40/5400+30:1800+30"]

1. c4 c5 2. g3 Nc6 3. Bg2 g6 4. Nc3 Bg7 5. a3 e5 6. b4 d6 7. Rb1 Nge7 8. d3 O-O 9. Nf3 f5 10. Bd2 Rb8 11. O-O b6 12. b5 Nd4 13. Nxd4 cxd4 14. Nd5 h6 15. Qc1 Kh7 16. a4 Bb7 17. Qa3 Nxd5 18. Bxd5 Qd7 19. Rfc1 f4 20. Bb4 Rf6 21. Bxb7 Rxb7 22. a5 Qh3 23. axb6 fxg3 24. hxg3 Rbf7 25. Be1 axb6 26. Qa8 Qg4 27. Qe4 Qg5 28. Rc2 Rf5 29. Ra2 Qf6 30. Qg2 e4 31. dxe4 Rc5 32. Rc2 Rfc7 33. Rbc1 Qe6 34. Qf3 Rxc4 35. Rxc4 Rxc4 36. Qb3 Rxc1 37. Qxe6 Rxe1+ 38. Kg2 Rxe2 39. Qxd6 Rxe4 40. Qxb6 d3 41. Qa5 Rd4 42. b6 d2 43. b7 d1=Q 44. b8=Q Qc2 45. Qaa8 Qe4+ 46. Qxe4 Rxe4 47. Qb1 Rd4 48. Kh3 Rc4 49. g4 Rf4 50. Kg3 Ra4 51. f4 Ra3+ 52. Kg2 Ra4 53. Kf3 Ra3+ 54. Kf2 Ra4 55. Kf3 Ra3+ 56. Kg2 Ra4 57. Qc1 Rd4 58. Kf3 Rd3+ 59. Ke4 Rd4+ 60. Ke3 Rb4 61. Qc2 Rb6 62. Qc7 Ra6 63. Kf3 Rf6 64. Kg3 Ra6 65. Qf7 Rf6 66. Qe7 Rb6 67. Qc7 Ra6 68. Qd7 Rb6 69. Kh4 Rf6 70. Kg3 Rb6 71. Kf3 Ra6 72. Qc7 Rf6 73. Ke4 Ra6 74. g5 hxg5 75. fxg5 Re6+ 76. Kd5 Re1 77. Qh2+ Kg8 78. Qf4 Ra1 79. Qe4 Ra5+ 80. Ke6 Rxg5 81. Qa8+ Kh7 82. Qh1+ Rh5 83. Qg2 Re5+ 1/2-1/2

[Event "EYCC Open-U12 2019"]
[Site "Bratislava"]
[Date "2019.08.07"]
[Round "6.8"]
[White "von Mettenheim, Johannes"]
[Black "Bakiev, Diyor"]
[Result "1/2-1/2"]
[ECO "A56"]
[WhiteElo "1809"]
[BlackElo "2121"]
[Annotator "NA"]
[PlyCount "90"]
[EventDate "2019.08.02"]
[EventType "swiss"]
[EventCountry "SVK"]
[SourceTitle "playchess.com"]
[Source "ChessBase"]
[SourceQuality "1"]
[TimeControl "40/5400+30:1800+30"]

1. d4 Nf6 2. c4 c5 3. Nf3 cxd4 4. Nxd4 Nc6 5. g3 g6 6. Bg2 Bg7 7. Nc2 O-O 8. O-O d6 9. Nc3 Be6 10. Ne3 Qd7 11. Bd2 Rfc8 12. Ncd5 Bh3 13. Rc1 Bxg2 14. Kxg2 Ne4 15. b3 Nd4 16. Nc2 Ne6 17. f3 Nxd2 18. Qxd2 Nc7 19. Ncb4 Ne6 20. e4 Nd4 21. Nc2 Nc6 22. Ncb4 Rf8 23. c5 e6 24. Ne3 Nxb4 25. Qxb4 dxc5 26. Qxc5 Rac8 27. Qb4 Bc3 28. Rcd1 Qc7 29. Qb5 Rfd8 30. Qe2 Bg7 31. Rxd8+ Rxd8 32. Rd1 Rxd1 33. Qxd1 b5 34. Qc2 Qxc2+ 35. Nxc2 Kf8 36. Kf2 Ke7 37. Ke3 Kd6 38. Kd3 h5 39. f4 e5 40. Ne3 exf4 41. gxf4 Bh6 42. Nd5 f5 43. Kd4 fxe4 44. Kxe4 Bg7 45. Nb4 Bc3 1/2-1/2

[Event "EYCC Open-U12 2019"]
[Site "Bratislava"]
[Date "2019.08.07"]
[Round "6.9"]
[White "Ciric, Pavle"]
[Black "Vagman, Roy"]
[Result "1/2-1/2"]
[ECO "C85"]
[WhiteElo "1987"]
[BlackElo "1941"]
[Annotator "NA"]
[PlyCount "162"]
[EventDate "2019.08.02"]
[EventType "swiss"]
[EventCountry "SVK"]
[SourceTitle "playchess.com"]
[Source "ChessBase"]
[SourceQuality "1"]
[TimeControl "40/5400+30:1800+30"]

1. e4 e5 2. Nf3 Nc6 3. Bb5 a6 4. Ba4 Nf6 5. O-O Be7 6. Bxc6 dxc6 7. d3 Qd6 8. Nbd2 Be6 9. b3 Nd7 10. Bb2 Bf6 11. Re1 c5 12. Qe2 O-O-O 13. Nf1 Nf8 14. N3d2 Ng6 15. g3 h5 16. Nc4 Qd7 17. Qe3 b6 18. h4 Rh6 19. Nh2 Bh3 20. Nf3 Qe6 21. Kh2 Bg4 22. a3 Kb7 23. Bc3 Rd4 24. Ng5 Bxg5 25. Qxg5 f6 26. Qe3 Rd8 27. b4 cxb4 28. Bxb4 Ka8 29. Rab1 Qc6 30. Rec1 Be6 31. Nd2 a5 32. Bxa5 bxa5 33. Nb3 Bxb3 34. cxb3 Qb6 35. Qd2 Rhh8 36. b4 a4 37. b5 Ne7 38. Rc4 Rd4 39. Rxd4 Qxd4 40. Rb4 Qa7 41. Qc2 Kb7 42. Rxa4 Qb6 43. Rc4 Rd8 44. Kg2 Rd4 45. Rc3 Kc8 46. Qb3 Kd7 47. Qc2 Ke8 48. a4 Rd7 49. Qa2 Rd6 50. Qa3 Kd7 51. Rc5 Qa5 52. Qb3 Rd4 53. Rc4 Qd2 54. b6 cxb6 55. Qb5+ Ke6 56. Rxd4 exd4 57. Qxb6+ Kf7 58. Qxd4 Qa2 59. Qb4 Nc6 60. Qb7+ Ne7 61. Qb5 Qc2 62. Qxh5+ g6 63. Qb5 Qc6 64. Qb3+ Qe6 65. Qc3 Qc6 66. Qa3 f5 67. Qb3+ Kf6 68. f3 Qc1 69. Qa2 Nc6 70. Qf2 Qd1 71. Qb2+ Ke6 72. exf5+ gxf5 73. Qa2+ Kd6 74. Qa3+ Kc7 75. Qb2 Qxd3 76. Qg7+ Kd6 77. Qf6+ Kc5 78. Qb2 Nd4 79. Qf2 Kc6 80. h5 Kd5 81. h6 f4 1/2-1/2

[Event "EYCC Open-U12 2019"]
[Site "Bratislava"]
[Date "2019.08.07"]
[Round "6.10"]
[White "Tunsjo, Axel"]
[Black "Han, Yichen"]
[Result "0-1"]
[ECO "B71"]
[WhiteElo "2039"]
[BlackElo "2217"]
[Annotator "NA"]
[PlyCount "80"]
[EventDate "2019.08.02"]
[EventType "swiss"]
[EventCountry "SVK"]
[SourceTitle "playchess.com"]
[Source "ChessBase"]
[SourceQuality "1"]
[TimeControl "40/5400+30:1800+30"]

1. e4 c5 2. Nf3 d6 3. d4 cxd4 4. Nxd4 Nf6 5. Nc3 g6 6. f4 Nc6 7. Be2 Bg7 8. Be3 O-O 9. Qd2 Nxd4 10. Bxd4 Be6 11. O-O Rc8 12. Rad1 a6 13. Kh1 b5 14. a3 Bc4 15. Bxc4 Rxc4 16. Bxf6 Bxf6 17. e5 Bg7 18. Rf3 Qc8 19. exd6 exd6 20. Nd5 Re8 21. c3 Rce4 22. Rf2 Qc4 23. f5 Re2 24. fxg6 hxg6 25. Rxe2 Rxe2 26. Qg5 Qe4 27. Rf1 f6 28. Nxf6+ Bxf6 29. Qg3 Bh4 30. Qh3 Re1 31. Qc8+ Qe8 32. Qxe8+ Rxe8 33. g3 Bd8 34. Rf2 Kg7 35. Kg2 Re6 36. Rd2 Bg5 37. Rc2 Re5 38. h4 Bh6 39. Kf3 Re3+ 40. Kf2 Rd3 0-1

[Event "EYCC Open-U12 2019"]
[Site "Bratislava"]
[Date "2019.08.07"]
[Round "6.11"]
[White "Strybuk, Artsiom I"]
[Black "Chyndygyr, Tamerlan"]
[Result "1-0"]
[ECO "A55"]
[WhiteElo "2193"]
[BlackElo "2018"]
[Annotator "NA"]
[PlyCount "181"]
[EventDate "2019.08.02"]
[EventType "swiss"]
[EventCountry "SVK"]
[SourceTitle "playchess.com"]
[Source "ChessBase"]
[SourceQuality "1"]
[TimeControl "40/5400+30:1800+30"]

1. d4 Nf6 2. c4 d6 3. Nf3 Nbd7 4. Nc3 e5 5. e4 Be7 6. Be2 O-O 7. O-O c6 8. Qc2 a6 9. Rd1 Qc7 10. h3 b5 11. a3 Bb7 12. Be3 Rac8 13. Rac1 Rfd8 14. Qb1 Qb8 15. cxb5 cxb5 16. d5 Rc7 17. Rc2 Rdc8 18. Rdc1 Bd8 19. Nd2 Ba8 20. Na2 Rxc2 21. Rxc2 Rxc2 22. Qxc2 Qc7 23. Qxc7 Bxc7 24. a4 bxa4 25. Bxa6 Nc5 26. Bxc5 dxc5 27. Bb5 Kf8 28. Bxa4 Bb7 29. Bb5 Ne8 30. Nc4 f5 31. f3 Nf6 32. Nc3 Ke7 33. Kf2 g5 34. Ke3 h5 35. Kd3 fxe4+ 36. fxe4 h4 37. Ne3 Bc8 38. Na4 Nh5 39. Nxc5 Nf4+ 40. Kd2 Ba5+ 41. Kd1 g4 42. Nxg4 Bxg4+ 43. hxg4 Nxg2 44. Ke2 h3 45. Kf2 Bb6 46. b4 Ne3 47. Kg3 Nxg4 48. Be2 Ne3 49. Kxh3 Nc2 50. Nd3 Kd6 51. Kg3 Be3 52. Bd1 Nd4 53. Kg4 Bd2 54. Kh5 Nb5 55. Kg6 Nc7 56. Bb3 Na6 57. Kf5 Nxb4 58. Nxe5 Bc3 59. Nc4+ Ke7 60. d6+ Kd8 61. e5 Nc6 62. e6 Nd4+ 63. Kf6 Nc6+ 64. Kf7 Bb4 65. Ba4 Ne7 66. dxe7+ Bxe7 67. Ne5 Ba3 68. Bd7 Bd6 69. Nc6+ Kc7 70. e7 Bxe7 71. Kxe7 Kb6 72. Kd6 Kb5 73. Be6 Ka4 74. Kc5 Ka3 75. Kc4 Kb2 76. Nd4 Kb1 77. Kc3 Ka1 78. Nc2+ Kb1 79. Bd5 Kc1 80. Ba2 Kd1 81. Nd4 Kc1 82. Ne2+ Kd1 83. Kd3 Ke1 84. Ke3 Kd1 85. Bb3+ Ke1 86. Bc2 Kf1 87. Nf4 Kg1 88. Kf3 Kh2 89. Bd3 Kg1 90. Kg3 Kh1 91. Bc4 1-0

[Event "EYCC Open-U12 2019"]
[Site "Bratislava"]
[Date "2019.08.07"]
[Round "6.12"]
[White "Tobak, Mikhail"]
[Black "Dudarev, Vladislav"]
[Result "1-0"]
[ECO "B30"]
[WhiteElo "1943"]
[BlackElo "2137"]
[Annotator "NA"]
[PlyCount "135"]
[EventDate "2019.08.02"]
[EventType "swiss"]
[EventCountry "SVK"]
[SourceTitle "playchess.com"]
[Source "ChessBase"]
[SourceQuality "1"]
[TimeControl "40/5400+30:1800+30"]

1. e4 c5 2. Nf3 Nc6 3. d3 g6 4. g3 Bg7 5. Bg2 e5 6. Be3 d6 7. O-O Nge7 8. c3 O-O 9. Nh4 Be6 10. Na3 Qd7 11. Nc2 Rad8 12. Qd2 b6 13. c4 Nd4 14. Nxd4 exd4 15. Bh6 f5 16. Rae1 fxe4 17. Bxe4 d5 18. cxd5 Nxd5 19. Bxg7 Kxg7 20. Qg5 Rde8 21. Bxg6 hxg6 22. Qxg6+ Kh8 23. Qh6+ Kg8 24. Re5 Rf7 25. Rg5+ Rg7 26. Ng6 Rh7 27. Nf8+ Kh8 28. Nxh7 Qxh7 29. Qxh7+ Kxh7 30. Re1 Nf6 31. Rge5 Bf7 32. Rxe8 Bxe8 33. Re7+ Kg6 34. Rxa7 Bb5 35. Ra3 Nd5 36. Kf1 Nb4 37. Ke2 c4 38. dxc4 Bxc4+ 39. Kd2 Nd5 40. b3 Bb5 41. Ra8 Nc3 42. a4 Ne4+ 43. Ke1 Bd7 44. Ra6 Bg4 45. Rxb6+ Kf5 46. Rb5+ Ke6 47. f4 Bf3 48. Rb8 d3 49. Rd8 d2+ 50. Rxd2 Nxd2 51. Kxd2 Bg4 52. Kc3 Kd5 53. Kb4 Kc6 54. Ka5 Bh3 55. b4 Kb7 56. Kb5 Bd7+ 57. Ka5 Bh3 58. b5 Ka7 59. Kb4 Kb6 60. a5+ Ka7 61. Kc5 Kb7 62. a6+ Ka7 63. Kc6 Bf5 64. Kc7 Ka8 65. b6 Bc8 66. b7+ Ka7 67. b8=Q+ Kxa6 68. Qb6# 1-0

[Event "EYCC Open-U12 2019"]
[Site "Bratislava"]
[Date "2019.08.07"]
[Round "6.13"]
[White "Trost, Edvin"]
[Black "Macias Pino, Diego"]
[Result "1-0"]
[ECO "B19"]
[WhiteElo "2069"]
[BlackElo "2150"]
[Annotator "NA"]
[PlyCount "77"]
[EventDate "2019.08.02"]
[EventType "swiss"]
[EventCountry "SVK"]
[SourceTitle "playchess.com"]
[Source "ChessBase"]
[SourceQuality "1"]
[TimeControl "40/5400+30:1800+30"]

1. e4 c6 2. d4 d5 3. Nc3 dxe4 4. Nxe4 Bf5 5. Ng3 Bg6 6. h4 h6 7. Nf3 Nd7 8. h5 Bh7 9. Bd3 Bxd3 10. Qxd3 e6 11. Bd2 Ngf6 12. O-O-O Be7 13. Kb1 Qb6 14. c4 O-O 15. Bf4 c5 16. d5 exd5 17. Nf5 Bd8 18. cxd5 Ng4 19. Qc2 Bf6 20. Rh3 Nge5 21. Nxe5 Nxe5 22. Rb3 Qa6 23. Bxe5 Bxe5 24. Qxc5 Qe2 25. Qc2 Qxh5 26. Re1 Bf6 27. Rh3 Qg6 28. Reh1 Rfc8 29. Qd3 Qh7 30. Rxh6 Rc1+ 31. Kxc1 Bg5+ 32. Kb1 gxh6 33. g3 h5 34. f4 Bf6 35. g4 Qg6 36. Rxh5 Re8 37. Rh1 Bg7 38. g5 Kf8 39. d6 1-0

[Event "EYCC Open-U12 2019"]
[Site "Bratislava"]
[Date "2019.08.07"]
[Round "6.14"]
[White "Kanov, Nikola"]
[Black "Costa, Leonardo"]
[Result "1-0"]
[ECO "C54"]
[WhiteElo "1908"]
[BlackElo "2002"]
[Annotator "NA"]
[PlyCount "69"]
[EventDate "2019.08.02"]
[EventType "swiss"]
[EventCountry "SVK"]
[SourceTitle "playchess.com"]
[Source "ChessBase"]
[SourceQuality "1"]
[TimeControl "40/5400+30:1800+30"]

1. e4 e5 2. Nf3 Nc6 3. Bc4 Bc5 4. c3 Nf6 5. d3 d6 6. O-O a6 7. Bb3 Ba7 8. Nbd2 O-O 9. h3 Be6 10. Re1 Bxb3 11. axb3 Re8 12. Nf1 Ne7 13. Ng3 Ng6 14. Nf5 h6 15. Nh2 d5 16. Qf3 c6 17. h4 Kh7 18. g4 Kg8 19. h5 Nf8 20. Bxh6 gxh6 21. Nxh6+ Kg7 22. g5 Ne6 23. Nf5+ Kh8 24. gxf6 Qxf6 25. Ng4 Rg8 26. Kh1 Qg5 27. Ngh6 Rgf8 28. Rg1 Qf4 29. Qxf4 Nxf4 30. Rg7 Nxd3 31. Rag1 Nxf2+ 32. Kh2 Nxe4 33. R1g6 fxg6 34. hxg6 Nf6 35. Rh7+ 1-0

[Event "EYCC Open-U12 2019"]
[Site "Bratislava"]
[Date "2019.08.07"]
[Round "6.15"]
[White "Kamilov, Dmitry"]
[Black "Ristic, Luka"]
[Result "1/2-1/2"]
[ECO "B06"]
[WhiteElo "1990"]
[BlackElo "2113"]
[Annotator "NA"]
[PlyCount "110"]
[EventDate "2019.08.02"]
[EventType "swiss"]
[EventCountry "SVK"]
[SourceTitle "playchess.com"]
[Source "ChessBase"]
[SourceQuality "1"]
[TimeControl "40/5400+30:1800+30"]

1. e4 g6 2. d4 Bg7 3. Nc3 c6 4. Nf3 d5 5. h3 dxe4 6. Nxe4 Nf6 7. Nxf6+ exf6 8. Bc4 O-O 9. O-O a5 10. Bf4 Na6 11. c3 Nc7 12. Re1 Nd5 13. Bg3 a4 14. Qd2 Be6 15. Nh2 b5 16. Be2 Qa5 17. Bd6 Rfd8 18. Bc5 h5 19. Nf1 Re8 20. Bf3 f5 21. Ne3 Bh6 22. Qc2 Nxe3 23. fxe3 Qc7 24. e4 fxe4 25. Bxe4 f5 26. Bf3 Bf4 27. Re2 Bc4 28. Rxe8+ Rxe8 29. b3 Be3+ 30. Kh1 Qg3 31. Bd6 Qxd6 32. bxc4 Bg5 33. Qf2 bxc4 34. Re1 Rxe1+ 35. Qxe1 Kf8 36. Qe2 Qg3 37. Bxc6 Qxc3 38. Qe8+ Kg7 39. Bd5 Qxd4 40. Qg8+ Kh6 41. Qf8+ Qg7 42. Qxg7+ Kxg7 43. Bxc4 a3 44. g4 fxg4 45. hxg4 h4 46. Kg2 Kf6 47. Bd3 Bf4 48. Kh3 g5 49. Bc4 Ke5 50. Bg8 Kd4 51. Bb3 Kc3 52. Bd5 Bd6 53. Bb3 Bc7 54. Bd5 Bd6 55. Bb3 Bf8 1/2-1/2

[Event "EYCC Open-U12 2019"]
[Site "Bratislava"]
[Date "2019.08.07"]
[Round "6.16"]
[White "Palczert, Matyas"]
[Black "Janous, Marek"]
[Result "1-0"]
[ECO "B90"]
[WhiteElo "2065"]
[BlackElo "1717"]
[Annotator "NA"]
[PlyCount "127"]
[EventDate "2019.08.02"]
[EventType "swiss"]
[EventCountry "SVK"]
[SourceTitle "playchess.com"]
[Source "ChessBase"]
[SourceQuality "1"]
[TimeControl "40/5400+30:1800+30"]

1. e4 c5 2. Nf3 Nf6 3. Nc3 d6 4. d4 cxd4 5. Nxd4 a6 6. Nb3 e5 7. Bg5 Be7 8. Bxf6 Bxf6 9. Nd5 Nd7 10. Be2 Nb6 11. Nxf6+ Qxf6 12. O-O O-O 13. Qd2 Qg6 14. Qb4 Nd7 15. Rad1 Nc5 16. Nxc5 dxc5 17. Qxc5 Qxe4 18. Bd3 Qh4 19. Qxe5 Be6 20. b3 Rad8 21. c4 Rfe8 22. Qg3 Qf6 23. Rfe1 Rd4 24. Be4 Rxd1 25. Rxd1 Qe7 26. Qd3 g6 27. Bf3 Bf5 28. Qd2 h5 29. h3 Kh7 30. Qd5 Rb8 31. Qd6 Qxd6 32. Rxd6 b6 33. Bd5 Kg7 34. a3 Bc2 35. b4 Bb3 36. Rd7 a5 37. Rxf7+ Kh6 38. Rd7 axb4 39. axb4 Rc8 40. Rb7 Bxc4 41. Bxc4 Rxc4 42. Rxb6 Rc1+ 43. Kh2 Rb1 44. f4 Kg7 45. g4 h4 46. f5 gxf5 47. gxf5 Rb2+ 48. Kg1 Kh7 49. b5 Kg7 50. Rb8 Kf6 51. b6 Kxf5 52. b7 Rb1+ 53. Kf2 Rb2+ 54. Ke3 Rb3+ 55. Kd2 Kf4 56. Rf8+ Kg3 57. b8=Q+ Rxb8 58. Rxb8 Kxh3 59. Rg8 Kh2 60. Ke2 h3 61. Kf2 Kh1 62. Rh8 h2 63. Kg3 Kg1 64. Rxh2 1-0

[Event "EYCC Open-U12 2019"]
[Site "Bratislava"]
[Date "2019.08.07"]
[Round "6.17"]
[White "Labruyere, Roger"]
[Black "Habans Aguerrea, Javier"]
[Result "0-1"]
[ECO "B27"]
[WhiteElo "1897"]
[BlackElo "2083"]
[Annotator "NA"]
[PlyCount "44"]
[EventDate "2019.08.02"]
[EventType "swiss"]
[EventCountry "SVK"]
[SourceTitle "playchess.com"]
[Source "ChessBase"]
[SourceQuality "1"]
[TimeControl "40/5400+30:1800+30"]

1. Nf3 c5 2. e4 g6 3. d4 Bg7 4. Nc3 cxd4 5. Nxd4 Nc6 6. Be3 Nf6 7. f3 O-O 8. Bc4 Qb6 9. Bb3 Nxe4 10. Nd5 Qa5+ 11. c3 Nf6 12. Nxf6+ Bxf6 13. Nxc6 dxc6 14. h4 h5 15. g4 hxg4 16. fxg4 Qe5 17. Qf3 Bxg4 18. Qxg4 Qxe3+ 19. Kf1 Kg7 20. Rg1 Rh8 21. h5 Rxh5 22. Bxf7 Rg5 0-1

[Event "EYCC Open-U12 2019"]
[Site "Bratislava"]
[Date "2019.08.07"]
[Round "6.18"]
[White "Pidluznij, Gleb"]
[Black "Saveljev, Ivan"]
[Result "1-0"]
[ECO "B22"]
[WhiteElo "1947"]
[BlackElo "2040"]
[Annotator "NA"]
[PlyCount "103"]
[EventDate "2019.08.02"]
[EventType "swiss"]
[EventCountry "SVK"]
[SourceTitle "playchess.com"]
[Source "ChessBase"]
[SourceQuality "1"]
[TimeControl "40/5400+30:1800+30"]

1. e4 c5 2. c3 Nf6 3. e5 Nd5 4. Nf3 Nc6 5. Bc4 Nb6 6. Bb3 c4 7. Bc2 g6 8. O-O Bg7 9. Re1 O-O 10. Qe2 d6 11. exd6 exd6 12. b3 Be6 13. Na3 d5 14. Nb5 Re8 15. h3 Nb4 16. Nbd4 Nxc2 17. Nxc2 Qf6 18. Ba3 Bd7 19. Ne3 Qf4 20. Bc5 Rac8 21. Bxb6 axb6 22. Nxd5 Qd6 23. Ne7+ Kf8 24. Nxc8 Rxc8 25. Ne5 Be6 26. Nxc4 Qc7 27. a4 Bd5 28. Qe3 Bc6 29. Qxb6 Qf4 30. Qe3 Qf6 31. Qc5+ Kg8 32. Qe5 Qd8 33. Qe3 Qd5 34. f3 Rd8 35. d4 Qh5 36. Qf4 Bh6 37. Qe5 Qh4 38. Qe2 Bf4 39. Qf2 Bg3 40. Qf1 Bf4 41. Re4 Bxe4 42. fxe4 Qg3 43. Qf3 Qh2+ 44. Kf2 Re8 45. Rf1 f5 46. e5 g5 47. Ke2 h5 48. Qd5+ Kh8 49. Kd3 g4 50. hxg4 hxg4 51. Nd6 Re7 52. Nxf5 1-0

[Event "EYCC Open-U12 2019"]
[Site "Bratislava"]
[Date "2019.08.07"]
[Round "6.19"]
[White "Kvaloy, Aksel Bu"]
[Black "Stevanovic, Jovan"]
[Result "0-1"]
[ECO "B62"]
[WhiteElo "2205"]
[BlackElo "1783"]
[Annotator "NA"]
[PlyCount "114"]
[EventDate "2019.08.02"]
[EventType "swiss"]
[EventCountry "SVK"]
[SourceTitle "playchess.com"]
[Source "ChessBase"]
[SourceQuality "1"]
[TimeControl "40/5400+30:1800+30"]

1. e4 c5 2. Nf3 d6 3. d4 cxd4 4. Nxd4 Nf6 5. Nc3 Nc6 6. Bg5 e6 7. Qd3 Bd7 8. O-O-O a6 9. Nxc6 Bxc6 10. Be2 Be7 11. Kb1 O-O 12. f4 h6 13. Bxf6 Bxf6 14. Bf3 Qb6 15. Rhe1 Rfd8 16. f5 exf5 17. exf5 Rac8 18. Bxc6 Rxc6 19. Na4 Qa5 20. Qb3 b5 21. Qd5 Qc7 22. Nc3 Bxc3 23. bxc3 Rxc3 24. f6 Rxc2 25. Re7 Qc4 26. Qxc4 Rxc4 27. fxg7 Kxg7 28. Rf1 Rf8 29. Rd7 Rc6 30. g4 Kg6 31. h4 h5 32. g5 Kg7 33. Rf4 a5 34. Kb2 b4 35. Kb1 Rb6 36. Kc2 a4 37. Kb2 b3 38. a3 Ra6 39. Kb1 Kg8 40. Kb2 Kg7 41. Rb7 d5 42. Kc3 Rc6+ 43. Kd3 Rc4 44. Rxc4 dxc4+ 45. Kxc4 Re8 46. Kd3 Re1 47. Rb4 Ra1 48. Kd2 Rxa3 49. Kc1 Ra2 50. Kb1 a3 51. Ra4 Rb2+ 52. Ka1 Rh2 53. Rxa3 Ra2+ 54. Rxa2 bxa2 55. Kxa2 Kg6 56. Kb3 Kf5 57. Kc4 Kg4 0-1